 Dungeon Crawl Stone Soup version 0.21.1-1-g345015f (webtiles) character file.

2586 tidbits the Insei (level 9, 0/68 HPs)
             Began as a Gnoll Transmuter on Feb 7, 2018.
             Was a Follower of Cheibriados.
             Killed from afar by an orc wizard (10 damage)
             ... with a magic dart
             ... on level 8 of the Dungeon.
             The game lasted 00:21:15 (2246 turns).

tidbits the Insei (Gnoll Transmuter)                Turns: 2246, Time: 00:21:15

Health: 0/68       AC:  2    Str: 16    XL:     9   Next: 58%
Magic:  23/28      EV: 26    Int: 20    God:    Cheibriados [*.....]
Gold:   242        SH:  0    Dex: 22    Spells: 6/21 levels left

rFire    . . .     SeeInvis .     - Unarmed
rCold    . . .     Gourm    .   (shield currently unavailable)
rNeg     . . .     Faith    .   (armour currently unavailable)
rPois    x         Spirit   .   (helmet currently unavailable)
rElec    .         Reflect  .   (cloak currently unavailable)
rCorr    +         Harm     .   (gloves currently unavailable)
MR       .....                  (boots currently unavailable)
Stlth    +++.......             (no amulet)
HPRegen  0.21/turn              K - ring of resist corrosion
MPRegen  0.21/turn              z - ring of magical power

@: spider-form, very slow
A: tiny, distributed training, strong nose
a: End Transformation, Bend Time, Renounce Religion


You were on level 8 of the Dungeon.
You worshipped Cheibriados.
Cheibriados was aware of your devotion.
You were not hungry.
You were a venomous arachnid creature.
You visited 2 branches of the dungeon, and saw 10 of its levels.

You collected 242 gold pieces.

Inventory:

Hand Weapons
 b - a +0 dagger (melded)
 k - a +3 whip of venom
   (You took it off an orc on level 3 of the Dungeon)
 x - a +1 short sword of draining
   (You took it off an orc on level 8 of the Dungeon)
 y - a +2 shortbow of flaming
   (You took it off a centaur on level 8 of the Dungeon)
Missiles
 a - 50 arrows
 f - 117 stones
 h - 7 needles of confusion
 o - 3 tomahawks
 t - 5 javelins (quivered)
Armour
 u - a +0 robe
 B - a +0 leather armour of fire resistance (melded)
   (You took it off an orc on level 7 of the Dungeon)
 E - a +0 helmet (melded)
 G - a +0 pair of gloves (melded)
Jewellery
 i - an uncursed amulet of rage
   (You found it on level 1 of the Dungeon)
 z - a ring of magical power (right front leg)
   (You took it off an orc on level 8 of the Dungeon)
 K - a ring of resist corrosion (left front leg)
   (You found it on level 4 of the Dungeon)
Wands
 j - a wand of iceblast (6)
Scrolls
 e - a scroll of random uselessness
 g - a scroll of noise
 l - a scroll of amnesia
 n - 2 scrolls of teleportation
 p - a scroll of enchant weapon
 q - 2 scrolls of blinking
 v - a scroll of fog
 w - a scroll of summoning {unknown}
Potions
 m - a potion of ambrosia {unknown}
 r - a potion of heal wounds {unknown}
 s - a potion of lignification {unknown}
 A - a potion of agility
Books
 d - a book of Changes

   Spells                             Type                      Level
   a - Beastly Appendage              Transmutation                1
   b - Sticks to Snakes               Transmutation                2
   c - Spider Form                    Transmutation/Poison         3
   d - Ice Form                       Ice/Transmutation            4
   e - Blade Hands                    Transmutation                5
Comestibles
 c - 6 rations


   Skills:
 + Level 5.1 Fighting
 + Level 4.3 Short Blades
 + Level 4.3 Long Blades
 + Level 4.3 Axes
 + Level 4.3 Maces & Flails
 + Level 4.3 Polearms
 + Level 4.3 Staves
 + Level 4.3 Slings
 + Level 4.3 Bows
 + Level 4.3 Crossbows
 + Level 4.3 Throwing
 + Level 4.3 Armour
 + Level 6.3 Dodging
 + Level 4.3 Stealth
 + Level 4.3 Shields
 + Level 7.9 Unarmed Combat
 + Level 6.7 Spellcasting
 + Level 3.5 Conjurations
 + Level 3.5 Hexes
 + Level 3.5 Charms
 + Level 3.5 Summonings
 + Level 3.5 Necromancy
 + Level 3.5 Translocations
 + Level 5.2 Transmutations
 + Level 3.5 Fire Magic
 + Level 3.5 Ice Magic
 + Level 3.5 Air Magic
 + Level 3.5 Earth Magic
 + Level 3.5 Poison Magic
 + Level 4.7 Invocations
 + Level 4.3 Evocations


You had 6 spell levels left.
You knew the following spells:

 Your Spells              Type           Power        Failure   Level  Hunger
e - Beastly Appendage     Tmut           ####..       5%          1    None
h - Blade Hands           Tmut           ####......   52%         5    #####..
i - Ice Form              Ice/Tmut       ###.....     34%         4    ###....
k - Sticks to Snakes      Tmut           ####....     7%          2    None
p - Spider Form           Tmut/Pois      ###.......   14%         3    #......


Dungeon Overview and Level Annotations

Branches:
Dungeon (9/15)             Temple (1/1) D:7
   Lair: D:8-11         Orc: D:9-12

Altars:
Cheibriados
Dithmenos
Elyvilon
Fedhas
Gozag
Hepliaklqana
Kikubaaqudgha
Nemelex Xobeh
Okawaru
Qazlal
Ru
Sif Muna
Trog
Uskayaw
Vehumet
Wu Jian
Xom
Yredelemnul
Zin
The Shining One


Innate Abilities, Weirdness & Mutations

Your experience applies equally to all skills.
((You have very sharp teeth.))
Your uncanny sense of smell can sniff out nearby items.


Message History

You completely miss the adder.
The adder is almost dead.
The adder barely misses you.
You completely miss the adder.
The adder is almost dead.
The adder completely misses you.
You hit the adder but do no damage.
The adder is poisoned.
The adder is almost dead.
The adder completely misses you.
You hit the adder.
You kill the adder!
Cheibriados thoroughly appreciates the change of pace.
You see here an adder corpse.
Things that are here:
a giant club x2
An adder skeleton comes into view.
You see here an adder corpse.
Okay, then.
You butcher the adder corpse.
You see here 2 chunks of flesh.
Eat one of 2 chunks of flesh? (ye/n/q)
You eat one of the 2 chunks of flesh.
This raw flesh tastes terrible.
You hit the adder skeleton.
The adder skeleton is lightly damaged.
The adder skeleton bites you.
* * * LOW HITPOINT WARNING * * *
You hit the adder skeleton.
The adder skeleton is moderately damaged.
The adder skeleton completely misses you.
You bite the adder skeleton!
You destroy the adder skeleton!
Cheibriados appreciates the change of pace.
You see here 20 stones.
f - 117 stones (gained 20)
Found a stone staircase leading down.
An orc wizard comes into view. It is wielding a dagger.
Your transformation is almost over.
The orc wizard moves out of view.
The orc wizard shouts!
The orc wizard gestures wildly while chanting.
The orc wizard blinks!
The orc wizard gestures wildly while chanting.
The orc wizard blinks!
An orc wizard comes into view. It is wielding a dagger of venom.
An orc wizard comes into view. It is wielding a dagger.
There is a stone staircase leading down here.
The orc wizard completely misses you.
You climb downwards.
There is a stone staircase leading up here.
Unknown command.
Unknown command.
You bite the orc wizard!
The orc wizard is poisoned.
The orc wizard is almost dead.
The orc wizard casts a spell.
The orc wizard seems to speed up.
You hit the orc wizard.
You kill the orc wizard!
Cheibriados appreciates the change of pace.
Things that are here:
a dagger; a robe An orc priest comes into view.
It is wielding a hand axe.
Your transformation has ended.
Your +0 dagger unmelds from your body.
Your +0 helmet unmelds from your body.
Your +0 pair of gloves unmelds from your body.
Your +0 leather armour of fire resistance unmelds from your body.
You feel resistant to fire.
The orc priest shouts!
An orc and an orc wizard come into view.
The orc wizard is wielding a dagger of venom.
The orc priest invokes the aid of Beogh against you.
Beogh smites you!
* * * LOW HITPOINT WARNING * * *
Things that are here:
a dagger; a robe An orc comes into view.
It is wielding a trident.
There is a stone staircase leading up here.
You climb upwards.
There is a stone staircase leading down here.
Casting: Spider Form
Confirm with . or Enter, or press ? or * to list all spells.
You turn into a venomous arachnid creature.
Your +0 dagger melds into your body.
Your +0 helmet melds into your body.
Your +0 pair of gloves melds into your body.
Your +0 leather armour of fire resistance melds into your body.
You feel less resistant to fire.
The orc wizard shouts! x2; You hear a shout!
The orc wizard gestures wildly while chanting.
The orc wizard seems to speed up.
The orc wizard looks satisfied for a moment.
Casting: Spider Form
Confirm with . or Enter, or press ? or * to list all spells.
You create a snake!
You now have 50 arrows.
The orc wizard misses you.
The orc wizard gestures at you while chanting.
The magic dart hits you!
* * * LOW HITPOINT WARNING * * *
You hit the orc wizard but do no damage.
The orc wizard is poisoned.
The orc wizard gestures at you while chanting.
The magic dart hits you!
You die...

###.###..# #...##....
........###...##..##
###.###............##
.....................
##.#.#..###.........
#................##
#.#.##.###...##..##
######.#.##.............
.......s.S.............)
######oo................
o...................
###.#.##.##....#.#...
#.#.#####..........
..... ........#.##
##.#.# ###..#...#.## #.
.. ............
....#...#.##


You could see 2 orc wizards, an orc and a friendly adder.

Vanquished Creatures
  A two-headed ogre (D:8)
  The ghost of Quirk the Shield-Bearer, a novice GnFi of Ashenzari (D:4)
  A phantom (D:4)
  The ghost of Quirk the Shield-Bearer, an amateur GnFi (D:3)
  3 sky beasts
  An orc warrior (D:8)
  3 ogres
  2 centaurs
  2 bullfrogs (D:7)
  A wyvern zombie (D:7)
  A jelly (D:7)
  A crimson imp (D:8)
  4 hounds
  4 orc wizards
  2 worker ants
  2 hound skeletons
  A worker ant zombie (D:7)
  3 gnolls (D:5)
  5 adders
  2 shadow imps (D:6)
  2 adder skeletons
  A worm (D:5)
  A dart slug (D:1)
  2 leopard geckos
  17 orcs
  A giant cockroach (D:2)
  A hobgoblin (D:1)
  7 jackals
  A quokka (D:8)
  A ball python (D:4)
  6 bats (D:1)
  3 frilled lizards
  A goblin (D:1)
  3 kobolds
  3 rats
91 creatures vanquished.

Vanquished Creatures (collateral kills)
  A worker ant (D:4)
  A leopard gecko (D:8)
  An orc (D:8)
3 creatures vanquished.

Grand Total: 94 creatures vanquished

Notes
Turn   | Place    | Note
-------+----------+-------------------------------------------
     0 | D:1      | tidbits the Gnoll Transmuter began the quest for the Orb.
     0 | D:1      | Reached XP level 1. HP: 17/17 MP: 6/6
    95 | D:2      | Reached XP level 2. HP: 21/23 MP: 5/7
   329 | D:1      | Reached XP level 3. HP: 28/28 MP: 7/9
   333 | D:1      | Learned a level 2 spell: Sticks to Snakes
   337 | D:1      | Learned a level 3 spell: Spider Form
   440 | D:2      | Reached skill level 5 in Spellcasting
   603 | D:4      | Reached skill level 1 in Invocations
   620 | D:4      | Reached skill level 1 in Short Blades
   620 | D:4      | Reached skill level 1 in Long Blades
   620 | D:4      | Reached skill level 1 in Axes
   620 | D:4      | Reached skill level 1 in Maces & Flails
   620 | D:4      | Reached skill level 1 in Polearms
   620 | D:4      | Reached skill level 1 in Staves
   620 | D:4      | Reached skill level 1 in Slings
   620 | D:4      | Reached skill level 1 in Bows
   620 | D:4      | Reached skill level 1 in Crossbows
   620 | D:4      | Reached skill level 1 in Throwing
   620 | D:4      | Reached skill level 1 in Armour
   620 | D:4      | Reached skill level 1 in Stealth
   620 | D:4      | Reached skill level 1 in Shields
   620 | D:4      | Reached skill level 1 in Evocations
   624 | D:4      | Reached XP level 4. HP: 33/34 MP: 1/11
   655 | D:3      | Noticed Quirk's ghost (amateur GnFi)
   666 | D:3      | Killed Quirk's ghost
   666 | D:3      | Reached skill level 1 in Conjurations
   666 | D:3      | Reached skill level 1 in Hexes
   666 | D:3      | Reached skill level 1 in Charms
   666 | D:3      | Reached skill level 1 in Summonings
   666 | D:3      | Reached skill level 1 in Necromancy
   666 | D:3      | Reached skill level 1 in Translocations
   666 | D:3      | Reached skill level 1 in Fire Magic
   666 | D:3      | Reached skill level 1 in Ice Magic
   666 | D:3      | Reached skill level 1 in Air Magic
   666 | D:3      | Reached skill level 1 in Earth Magic
   666 | D:3      | Reached skill level 1 in Poison Magic
   666 | D:3      | Reached XP level 5. HP: 40/40 MP: 3/12
   769 | D:4      | Found a stormy altar of Qazlal.
   810 | D:4      | Found an opulent altar of Gozag.
   810 | D:4      | Noticed Quirk's ghost (novice GnFi)
   827 | D:4      | Killed Quirk's ghost
   827 | D:4      | Reached skill level 3 in Fighting
   827 | D:4      | Reached skill level 2 in Short Blades
   827 | D:4      | Reached skill level 2 in Long Blades
   827 | D:4      | Reached skill level 2 in Axes
   827 | D:4      | Reached skill level 2 in Maces & Flails
   827 | D:4      | Reached skill level 2 in Polearms
   827 | D:4      | Reached skill level 2 in Staves
   827 | D:4      | Reached skill level 2 in Slings
   827 | D:4      | Reached skill level 2 in Bows
   827 | D:4      | Reached skill level 2 in Crossbows
   827 | D:4      | Reached skill level 2 in Throwing
   827 | D:4      | Reached skill level 2 in Armour
   827 | D:4      | Reached skill level 5 in Dodging
   827 | D:4      | Reached skill level 2 in Stealth
   827 | D:4      | Reached skill level 2 in Shields
   827 | D:4      | Reached skill level 4 in Transmutations
   827 | D:4      | Reached skill level 2 in Invocations
   827 | D:4      | Reached skill level 2 in Evocations
   827 | D:4      | Reached XP level 6. HP: 46/47 MP: 5/14
   827 | D:4      | Reached XP level 7. HP: 52/52 MP: 5/15
   838 | D:4      | Found a white marble altar of Elyvilon.
   842 | D:4      | Found a deep blue altar of Sif Muna.
   842 | D:4      | Found a shimmering altar of Xom.
   842 | D:4      | Found a glowing golden altar of the Shining One.
   903 | D:4      | Reached skill level 7 in Unarmed Combat
   923 | D:5      | Entered Level 5 of the Dungeon
   965 | D:4      | Reached skill level 2 in Conjurations
   965 | D:4      | Reached skill level 2 in Hexes
   965 | D:4      | Reached skill level 2 in Charms
   965 | D:4      | Reached skill level 2 in Summonings
   965 | D:4      | Reached skill level 2 in Necromancy
   965 | D:4      | Reached skill level 2 in Translocations
   965 | D:4      | Reached skill level 2 in Fire Magic
   965 | D:4      | Reached skill level 2 in Ice Magic
   965 | D:4      | Reached skill level 2 in Air Magic
   965 | D:4      | Reached skill level 2 in Earth Magic
   965 | D:4      | Reached skill level 2 in Poison Magic
  1024 | D:5      | Reached skill level 3 in Invocations
  1201 | D:5      | Found a hazy altar of Hepliaklqana.
  1220 | D:5      | Found a radiant altar of Vehumet.
  1288 | D:6      | Reached XP level 8. HP: 51/60 MP: 12/16
  1431 | D:5      | Reached skill level 4 in Fighting
  1445 | D:6      | Reached skill level 3 in Short Blades
  1445 | D:6      | Reached skill level 3 in Long Blades
  1445 | D:6      | Reached skill level 3 in Axes
  1445 | D:6      | Reached skill level 3 in Maces & Flails
  1445 | D:6      | Reached skill level 3 in Polearms
  1445 | D:6      | Reached skill level 3 in Staves
  1445 | D:6      | Reached skill level 3 in Slings
  1445 | D:6      | Reached skill level 3 in Bows
  1445 | D:6      | Reached skill level 3 in Crossbows
  1445 | D:6      | Reached skill level 3 in Throwing
  1445 | D:6      | Reached skill level 3 in Armour
  1445 | D:6      | Reached skill level 3 in Stealth
  1445 | D:6      | Reached skill level 3 in Shields
  1445 | D:6      | Reached skill level 3 in Evocations
  1476 | D:7      | Learned a level 4 spell: Ice Form
  1482 | D:7      | Learned a level 5 spell: Blade Hands
  1531 | D:6      | Found a glowing silver altar of Zin.
  1645 | D:7      | Reached skill level 6 in Spellcasting
  1730 | D:7      | Found an ornate altar of the Wu Jian Council.
  1730 | D:7      | Found an opulent altar of Gozag.
  1731 | D:7      | Found a sacrificial altar of Ru.
  1731 | D:7      | Found a basalt altar of Yredelemnul.
  1732 | D:7      | Found an ornate altar of the Wu Jian Council.
  1732 | D:7      | Found a hide-covered altar of Uskayaw.
  1734 | D:7      | Found a stormy altar of Qazlal.
  1734 | D:7      | Found a sparkling altar of Nemelex Xobeh.
  1735 | D:7      | Found a sacrificial altar of Ru.
  1735 | D:7      | Found an iron altar of Okawaru.
  1736 | D:7      | Found a hide-covered altar of Uskayaw.
  1736 | D:7      | Found a glowing golden altar of the Shining One.
  1741 | D:7      | Found a staircase to the Ecumenical Temple.
  1746 | Temple   | Entered the Ecumenical Temple
  1772 | Temple   | Became a worshipper of Cheibriados the Contemplative
  2041 | D:8      | Reached skill level 3 in Conjurations
  2041 | D:8      | Reached skill level 3 in Hexes
  2041 | D:8      | Reached skill level 3 in Charms
  2041 | D:8      | Reached skill level 3 in Summonings
  2041 | D:8      | Reached skill level 3 in Necromancy
  2041 | D:8      | Reached skill level 3 in Translocations
  2041 | D:8      | Reached skill level 3 in Fire Magic
  2041 | D:8      | Reached skill level 3 in Ice Magic
  2041 | D:8      | Reached skill level 3 in Air Magic
  2041 | D:8      | Reached skill level 3 in Earth Magic
  2041 | D:8      | Reached skill level 3 in Poison Magic
  2041 | D:8      | Reached skill level 4 in Invocations
  2056 | D:8      | Reached skill level 6 in Dodging
  2056 | D:8      | Reached XP level 9. HP: 59/66 MP: 16/18
  2063 | D:8      | Reached skill level 5 in Transmutations
  2109 | D:8      | Reached * piety under Cheibriados
  2182 | D:8      | Noticed a two-headed ogre
  2195 | D:8      | Killed a two-headed ogre
  2195 | D:8      | Reached skill level 5 in Fighting
  2195 | D:8      | Reached skill level 4 in Short Blades
  2195 | D:8      | Reached skill level 4 in Long Blades
  2195 | D:8      | Reached skill level 4 in Axes
  2195 | D:8      | Reached skill level 4 in Maces & Flails
  2195 | D:8      | Reached skill level 4 in Polearms
  2195 | D:8      | Reached skill level 4 in Staves
  2195 | D:8      | Reached skill level 4 in Slings
  2195 | D:8      | Reached skill level 4 in Bows
  2195 | D:8      | Reached skill level 4 in Crossbows
  2195 | D:8      | Reached skill level 4 in Throwing
  2195 | D:8      | Reached skill level 4 in Armour
  2195 | D:8      | Reached skill level 4 in Stealth
  2195 | D:8      | Reached skill level 4 in Shields
  2195 | D:8      | Reached skill level 4 in Evocations
  2246 | D:8      | Killed from afar by an orc wizard

Skill      XL: |  1  2  3  4  5  6  7  8  9 |
---------------+----------------------------+-----
Spellcasting   | 5 6 |  6.7
Invocations    | 1 2 3 4 |  4.7
Short Blades   | 1 2 3 4 |  4.3
Long Blades    | 1 2 3 4 |  4.3
Axes           | 1 2 3 4 |  4.3
Maces & Flails | 1 2 3 4 |  4.3
Polearms       | 1 2 3 4 |  4.3
Staves         | 1 2 3 4 |  4.3
Slings         | 1 2 3 4 |  4.3
Bows           | 1 2 3 4 |  4.3
Crossbows      | 1 2 3 4 |  4.3
Throwing       | 1 2 3 4 |  4.3
Armour         | 1 2 3 4 |  4.3
Stealth        | 1 2 3 4 |  4.3
Shields        | 1 2 3 4 |  4.3
Evocations     | 1 2 3 4 |  4.3
Conjurations   | 1 2 3 |  3.5
Hexes          | 1 2 3 |  3.5
Charms         | 1 2 3 |  3.5
Summonings     | 1 2 3 |  3.5
Necromancy     | 1 2 3 |  3.5
Translocations | 1 2 3 |  3.5
Fire Magic     | 1 2 3 |  3.5
Ice Magic      | 1 2 3 |  3.5
Air Magic      | 1 2 3 |  3.5
Earth Magic    | 1 2 3 |  3.5
Poison Magic   | 1 2 3 |  3.5
Fighting       | 3 4 5 |  5.1
Dodging        | 5 6 |  6.3
Transmutations | 4 5 |  5.2
Unarmed Combat | 7 |  7.9

Action                   |  1- 3 |  4- 6 |  7- 9 || total
-------------------------+-------+-------+-------++-------
Melee: Unarmed           |    43 |    30 |   173 ||   246
       Headbutt          |     3 |       |       ||     3
       Kick              |     4 |       |       ||     4
       Dagger            |       |       |    20 ||    20
       Bite              |       |       |     2 ||     2
       Punch             |       |       |     2 ||     2
 Cast: Beastly Appendage |    11 |       |       ||    11
       Spider Form       |     3 |     3 |    23 ||    29
       Sticks to Snakes  |     2 |       |     9 ||    11
 Abil: Evoke Berserk Rag |       |     2 |     2 ||     4
Evoke: Wand              |       |       |     3 ||     3
  Use: Scroll            |     3 |     1 |     9 ||    13
       Potion            |     1 |     2 |       ||     3
 Stab: Sleeping          |     4 |       |     7 ||    11
       Distracted        |       |       |     1 ||     1
  Eat: Chunk             |       |     1 |     2 ||     3
       Ration            |       |       |     2 ||     2
Armor: Robe              |     7 |       |     2 ||     9
       Skin              |     2 |       |     7 ||     9
Dodge: Dodged            |    24 |    15 |   152 ||   191

Table legend:
 A = Turns spent in this place as a percentage of turns spent in the entire game.
 B = Non-inter-level travel turns spent in this place as a percentage of non-inter-level travel turns spent in the entire game.
 C = Inter-level travel turns spent in this place as a percentage of turns spent in this place.
 D = Turns resting spent in this place as a percentage of non-inter-level travel turns spent in this place.
 E = Turns spent auto-exploring this place as a percentage of non-inter-level travel turns spent in this place.
 F = Non-inter-level travel turns spent in this place divided by the number of levels of this place that you've seen.
                   A       B       C       D       E      F
               +-------+-------+-------+-------+-------+----------------------
         Total | 100.0 | 100.0 |   2.1 |   0.0 |   0.0 | 219.9
       Dungeon |  97.2 |  98.3 |   1.0 |   0.0 |   0.0 | 240.1
        Temple |   2.8 |   1.7 |  39.7 |   0.0 |   0.0 |  38.0
               +-------+-------+-------+-------+-------+----------------------

Table legend:
 A = Kills in this place as a percentage of kills in entire the game.
 B = Kills by you in this place as a percentage of kills by you in the entire game.
 C = Kills by friends in this place as a percentage of kills by friends in the entire game.
 D = Other kills in this place as a percentage of other kills in the entire game.
 E = Experience gained in this place as a percentage of experience gained in the entire game.
 F = Experience gained in this place divided by the number of levels of this place that you have seen.
                   A       B       C       D       E      F
               +-------+-------+-------+-------+-------+----------------------
         Total | 100.0 | 100.0 | 100.0 |   N/A | 100.0 | 369.5
       Dungeon | 100.0 | 100.0 | 100.0 |   N/A | 100.0 | 410.6
               +-------+-------+-------+-------+-------+----------------------

Vault maps used:
D:1:      evilmike_arrival_rings, minmay_pentomino_x2
D:3:      minivault_26
D:4:      minitemple, overflow_temple_1_default, serial_shops,
          nicolae_shop_crystal, grunt_qazlal_sundering
D:5:      lemuel_doored_altar, first_ration, serial_glass, glass_columns_a,
          glass_columns_a, basic_altar, moated_statue, uniq_eustachio
D:6:      lemuel_tele_altar
D:7:      temple_doors_ab
D:9:      nicolae_lava_and_water
Temple:   compressed_dpeg_circular_temple
